 Dungeon Crawl Stone Soup version 0.19-a0-1051-gdb7e7f8 (webtiles) character file.

2606 Gagarin the Conjurer (level 9, -10/71 HPs)
             Began as a Red Draconian Conjurer on Aug 1, 2016.
             Was a Follower of Sif Muna.
             Shot with a sling bullet by Joseph (16 damage)
             ... on level 7 of the Dungeon.
             The game lasted 00:35:24 (10287 turns).

Gagarin the Conjurer (Red Draconian Conjurer)      Turns: 10287, Time: 00:35:26

Health: -10/71     AC:  8    Str:  9 (11) XL:     9   Next: 33%
Magic:  19/19      EV: 14    Int: 17 (19) God:    Sif Muna [*.....]
Gold:   501        SH:  0    Dex:  9 (11) Spells: 5 memorised, 7 levels left

rFire  + . .     SeeInvis .     I - +1 falchion
rCold  . . .     Gourm    .     (armour unavailable)
rNeg   . . .     Faith    .     (no shield)
rPois  .         Spirit   .     (helmet restricted)
rElec  .         Dismiss  .     u - +0 cloak
rCorr  .         Reflect  .     (no gloves)
SustAt .         Harm     .     (no boots)
MR     .....                    (no amulet)
Stlth  ++........               (no ring)
                                (no ring)

@: very slightly contaminated, not resistant to hostile enchantments, unstealthy
A: breathe fire, unfitting armour, fire resistance 1, cold-blooded, AC +7
a: Breathe Fire, Divine Energy, Renounce Religion


You were on level 7 of the Dungeon.
You worshipped Sif Muna.
Sif Muna was aware of your devotion.
You were hungry.

You visited 2 branches of the dungeon, and saw 8 of its levels.

You collected 501 gold pieces.

Inventory:

Hand Weapons
 e - a +0 shortbow
 s - a +0 shortbow
 I - a +1 falchion (weapon)
Missiles
 c - 18 poisoned needles
 i - 9 tomahawks (quivered)
 r - 152 arrows
 A - 7 needles of sleeping
Armour
 u - a +0 cloak (worn)
Wands
 l - a wand of lightning (6/15)
 D - a wand of confusion (16/48)
 G - a wand of lightning (8/15)
Scrolls
 d - 3 scrolls of teleportation
 f - a scroll of enchant weapon
 g - 4 scrolls of identify
 k - a scroll of recharging {unknown}
 m - 4 scrolls of blinking
 o - a scroll of enchant armour {unknown}
 x - a scroll of magic mapping {unknown}
 y - 2 scrolls of amnesia {unknown}
Potions
 j - 2 potions of cancellation
 p - a potion of flight
 t - 2 potions of degeneration
 z - a potion of curing
 C - a potion of heal wounds {unknown}
Books
 a - a book of Conjurations

   Spells                             Type                      Level
   a - Magic Dart                     Conjuration                  1
   b - Searing Ray                    Conjuration                  2
   c - Dazzling Spray                 Conjuration/Hexes            3
   d - Fulminant Prism                Conjuration/Hexes            4
   e - Iskenderun's Mystic Blast      Conjuration                  4
   f - Iskenderun's Battlesphere      Conjuration/Charms           5
 v - a book of Death

   Spells                             Type                      Level
   a - Corpse Rot                     Necromancy                   2
   b - Sublimation of Blood           Necromancy                   2
   c - Agony                          Necromancy                   5
   d - Dispel Undead                  Necromancy                   5
   e - Excruciating Wounds            Charms/Necromancy            5
   f - Bolt of Draining               Conjuration/Necromancy       5
 H - a book of Summonings

   Spells                             Type                      Level
   a - Recall                         Summoning/Translocation      3
   b - Aura of Abjuration             Summoning                    5
   c - Summon Demon                   Summoning                    5
   d - Summon Forest                  Summoning/Translocation      5
   e - Summon Mana Viper              Hexes/Summoning              5
   f - Shadow Creatures               Summoning                    6
Comestibles
 b - 7 bread rations
 h - 3 meat rations
 q - 4 fruits


   Skills:
 + Level 3.9 Fighting
 + Level 0.2 Long Blades
 + Level 5.9 Dodging
 + Level 3.9 Stealth
 + Level 6.7 Spellcasting
 + Level 7.9 Conjurations


You had 7 spell levels left.
You knew the following spells:

 Your Spells              Type           Power        Failure   Level  Hunger
a - Magic Dart            Conj           ####         1%          1    None
b - Searing Ray           Conj           ####..       1%          2    None
c - Dazzling Spray        Conj/Hex       ###...       10%         3    ##.....
d - Iskenderun's Mystic   Conj           ####....     6%          4    ####...
e - Fulminant Prism       Conj/Hex       ###.......   24%         4    ####...


Dungeon Overview and Level Annotations

Branches:
Dungeon (7/15)             Temple (1/1) D:5

Altars:
Ashenzari
Cheibriados
Dithmenos
Elyvilon
Fedhas
Gozag
Hepliaklqana
Kikubaaqudgha
Makhleb
Nemelex Xobeh
Okawaru
Pakellas
Qazlal
Ru
Sif Muna
Trog
Uskayaw
Vehumet
Xom
Yredelemnul
Zin

Shops:
D:2 }

Annotations:
D:6 Dirtsage's ghost, novice DsMo
D:7 Joseph


Innate Abilities, Weirdness & Mutations

You can breathe blasts of fire.
Your fiery red scales are hard. (AC +7)
Your body does not fit into most forms of armour.
Your flesh is heat resistant. (rF+)
You are cold-blooded and may be slowed by cold attacks.


Message History

The bolt of lightning hits Joseph.
Joseph is heavily wounded.
The bolt of lightning misses the orc priest.
The bolt of lightning hits the orc priest.
The orc priest is moderately wounded.
The bolt of lightning hits Joseph.
Joseph is severely wounded.
This wand has 7 charges left.
Joseph shoots a sling bullet.
The sling bullet closely misses you.
Evoke which item? (* to show all) (? for menu, Esc to quit)
Zapping:
l - a wand of lightning (7/15)
Press: ? - help, Shift-Dir - straight line You hear a mighty clap of thunder!
The bolt of lightning hits Joseph.
Joseph is almost dead.
The bolt of lightning hits Joseph.
Joseph is almost dead.
This wand has 6 charges left.
Joseph shoots a sling bullet.
The sling bullet hits you!
You die...

#..o..... ##
##........
#.......... ##
#...[.)....
#..#####..........
#..#.((.........
#.o@#..........
###(##.......#
##@.#@....### #
#...(..#### ###.
#.(#..(### ##...
#..####.(.###
##.... #.#
###...###..... #..
###...#..... #.#
###.().... ..
###..... ###...


You could see Joseph and an orc priest.

Vanquished Creatures
  Pikel (D:7)
  Edmund (D:3)
  Duvessa (D:6)
  An orc warrior (D:7)
  A sky beast (D:6)
  A black bear (D:4)
  A necrophage (D:6)
  2 centaurs
  5 giant frogs
  Dowan (D:6)
  A scorpion (D:5)
  2 crimson imps (D:6)
  A giant frog zombie (D:5)
  A wasp zombie (D:7)
  3 hounds
  A jelly (D:5)
  3 orc priests
  7 orc wizards
  Terence (D:3)
  4 worker ants
  The ghost of hello the Skirmisher, a weakling HEFi (D:4)
  A hound zombie (D:7)
  A worker ant zombie (D:6)
  3 gnolls
  A howler monkey zombie (D:6)
  7 adders
  3 river rats (D:3)
  2 oozes
  An adder skeleton (D:4)
  6 worms
  3 dart slugs
  5 giant geckos
  21 orcs
  6 bats
  10 giant cockroaches
  11 goblins
  5 hobgoblins
  2 jackals (D:7)
  6 quokkas
  A ball python (D:4)
  A giant cockroach zombie (D:5)
  A giant gecko skeleton (D:6)
  7 giant newts
  11 kobolds
  14 rats
169 creatures vanquished.

Vanquished Creatures (others)
  3 slaves (D:7)
  An orc (D:7)
  A quokka (D:7)
  2 fulminant prisms (D:7)
7 creatures vanquished.

Grand Total: 176 creatures vanquished

Notes
Turn   | Place    | Note
-------+----------+-------------------------------------------
     0 | D:1      | Gagarin the Draconian Conjurer began the quest for the Orb.
     0 | D:1      | Reached XP level 1. HP: 14/14 MP: 3/3
   534 | D:1      | Reached XP level 2. HP: 14/20 MP: 0/5
   760 | D:1      | HP: 1/20 [giant gecko (4)]
  1260 | D:1      | Reached XP level 3. HP: 27/27 MP: 2/6
  1697 | D:2      | Found a faded altar of an unknown god.
  2044 | D:2      | Learned a level 2 spell: Searing Ray
  2048 | D:2      | Learned a level 3 spell: Dazzling Spray
  2221 | D:2      | Reached skill level 1 in Fighting
  2327 | D:2      | Reached XP level 4. HP: 15/35 MP: 0/7
  2951 | D:2      | Found an oddly glowing altar of Pakellas.
  2951 | D:2      | Found Pakellas's Prime Provisions.
  3117 | D:2      | Found an ancient bone altar of Kikubaaqudgha.
  3124 | D:2      | Found a stormy altar of Qazlal.
  3126 | D:2      | Found a blossoming altar of Fedhas.
  3126 | D:2      | Found a bloodstained altar of Trog.
  3129 | D:2      | Found a sacrificial altar of Ru.
  3130 | D:2      | Found a shattered altar of Ashenzari.
  3273 | D:3      | Noticed Terence
  3398 | D:3      | Killed Terence
  3541 | D:3      | Reached skill level 5 in Conjurations
  3541 | D:3      | Reached XP level 5. HP: 40/40 MP: 4/9
  4226 | D:3      | Found a snail-covered altar of Cheibriados.
  4246 | D:3      | Reached XP level 6. HP: 33/47 MP: 5/10
  4762 | D:4      | Noticed Edmund
  4836 | D:4      | Noticed hello's ghost (weakling HEFi)
  4931 | D:3      | Killed Edmund
  5316 | D:4      | Your scales start taking on a fiery red colour.
  5316 | D:4      | Reached XP level 7. HP: 52/53 MP: 7/12
  5316 | D:4      | Gained mutation: Your flesh is heat resistant. (rF+) [Red Draconian growth]
  5469 | D:4      | Found a basalt altar of Yredelemnul.
  5727 | D:4      | Killed hello's ghost
  5990 | D:5      | Entered Level 5 of the Dungeon
  6152 | D:5      | Reached skill level 6 in Conjurations
  7100 | D:5      | Found a staircase to the Ecumenical Temple.
  7113 | Temple   | Entered the Ecumenical Temple
  7144 | Temple   | Became a worshipper of Sif Muna the Loreminder
  7299 | D:5      | Reached XP level 8. HP: 58/62 MP: 7/15
  7792 | D:6      | Noticed Duvessa
  7795 | D:6      | Noticed Dowan
  7806 | D:6      | Killed Duvessa
  7806 | D:6      | Reached skill level 5 in Spellcasting
  7973 | D:6      | Killed Dowan
  8011 | D:6      | Noticed Dirtsage's ghost (novice DsMo)
  8114 | D:6      | Reached skill level 5 in Dodging
  8114 | D:6      | Reached skill level 7 in Conjurations
  8245 | D:6      | Found an iron altar of Okawaru.
  8320 | D:6      | Found a shimmering altar of Xom.
  8324 | D:6      | Noticed an angel
  8326 | D:6      | Found a glowing silver altar of Zin.
  8670 | D:6      | Reached * piety under Sif Muna
  9257 | D:7      | Noticed Pikel
  9270 | D:7      | Killed Pikel
  9270 | D:7      | Reached XP level 9. HP: 39/71 MP: 5/18
  9434 | D:7      | Noticed Joseph
  9767 | D:6      | Learned a level 4 spell: Iskenderun's Mystic Blast
  9772 | D:6      | Learned a level 4 spell: Fulminant Prism
 10287 | D:7      | Shot with a sling bullet by Joseph

Vault maps used:
D:1:      dpeg_arrival_more_subterranean_lakeside_camping,
          hangedman_decor_clover_reticule
D:2:      minitemple, ecumenical_altar_1, first_bread, johnstein_pakellas_shop
D:3:      marbit_many_paths, portal_sewer_entry_e, uniq_terence
D:4:      nicolae_overflow_crystal_walls, kennysheep_generic_room_6, uniq_edmund
D:6:      grunt_temple_overflow_order_and_chaos_1, okawaru_trees_1,
          st_stairs_13, uniq_duvessa
D:7:      uniq_pikel, uniq_joseph
Temple:   cyrus_temple_forest

Skill      XL: |  1  2  3  4  5  6  7  8 |
---------------+-------------------------+-----
Dodging        | 2 3 4 5 |  5.9
Stealth        | 2 3 |  3.9
Fighting       | 1 2 3 |  3.9
Conjurations   | 5 6 7 |  7.9
Spellcasting   | 3 4 6 |  6.7
Long Blades    | |  0.2

Action                   |  1- 3 |  4- 6 |  7- 9 || total
-------------------------+-------+-------+-------++-------
Melee: Unarmed           |    54 |    62 |    26 ||   142
       Tailslap          |     8 |     8 |     8 ||    24
       Falchion          |       |       |    63 ||    63
 Cast: Magic Dart        |    91 |    93 |   129 ||   313
       Searing Ray       |     2 |    18 |    39 ||    59
       Dazzling Spray    |       |       |     6 ||     6
       Fulminant Prism   |       |       |     2 ||     2
Evoke: Wand              |       |       |     3 ||     3
  Use: Potion            |     1 |     3 |     4 ||     8
       Scroll            |       |       |     9 ||     9
 Stab: Sleeping          |     1 |       |     3 ||     4
  Eat: Chunk             |     6 |    10 |    17 ||    33
       Fruit             |       |       |     1 ||     1
Armor: Skin              |    21 |    48 |    64 ||   133
Dodge: Dodged            |    55 |    77 |   133 ||   265
